 Dungeon Crawl Stone Soup version 0.26-a0-672-g1df16c3386 (webtiles) character file.

Game seed: 4643410911738003086

64241 jestyr24 the Destroyer (level 14, -10/96 HPs)
             Began as a Red Draconian Conjurer on Oct 17, 2020.
             Was a High Priest of Vehumet.
             Mangled by an azure jelly (40 damage)
             ... on level 1 of the Pits of Slime on Oct 20, 2020.
             The game lasted 04:51:06 (22178 turns).

jestyr24 the Destroyer (Red Draconian Conjurer)    Turns: 22178, Time: 04:51:07

Health: -10/96     AC: 13    Str: 10    XL:     14   Next: 71%
Magic:  22/38      EV: 16    Int: 24    God:    Vehumet [*****.]
Gold:   925        SH:  6    Dex:  9    Spells: 3/36 levels left

rFire    + . .     SeeInvis .   U - +7 short sword (vamp)
rCold    . . .     Faith    .   a - +0 buckler
rNeg     . . .     Spirit   .   (armour unavailable)
rPois    .         Reflect  .   t - +1 hat
rElec    .         Harm     .   d - scarf {repulsion}
rCorr    .         Rampage  .   H - +2 pair of gloves
MR       +....     Clarity  +   L - +0 pair of boots
Stlth    ++........             P - amulet of magic regeneration
HPRegen  0.26/turn              k - ring of magical power
MPRegen  0.51/turn              y - +4 ring of evasion

@: slowed, repel missiles, very slow
A: breathe fire, unfitting armour, clarity, fire resistance 1, wild magic 1,
cold-blooded, AC +8
a: Breathe Fire, Renounce Religion


You were on level 1 of the Pits of Slime.
You worshipped Vehumet.
Vehumet was extremely pleased with you.
You visited 4 branches of the dungeon, and saw 19 of its levels.

You collected 1420 gold pieces.
You spent 495 gold pieces at shops.

Inventory:

Hand Weapons
 E - the +5 war axe of the Pits of Slime {antimagic, rF+ rC+ Dex-5 SInv}
   (You took it off Rupert on level 6 of the Lair of Beasts)

   It reduces the magical energy of the wielder, and disrupts the spells and
   magical abilities of those hit.
   Natural abilities and divine invocations are not affected.
   It affects your dexterity (-5).
   It protects you from fire.
   It protects you from cold.
   It lets you see invisible.
 T - the +3 short sword of Ferim {freeze, Int+2}
   (You found it on level 3 of the Lair of Beasts)

   It has been specially enchanted to freeze those struck by it, causing extra
   injury to most foes and up to half again as much damage against particularly
   susceptible opponents.
   It can also slow down cold-blooded creatures.
   It affects your intelligence (+2).
 U - a +7 vampiric short sword (weapon)
Missiles
 j - 3 javelins (quivered)
 x - 17 poisoned darts
Armour
 a - a +0 buckler (worn)
 c - a +0 kite shield
 d - a scarf of repulsion (worn)
 t - a +1 hat (worn)
 H - a +2 pair of gloves (worn)
 L - a +0 pair of boots (worn)
Magical Staves
 Q - an uncursed staff of death
Jewellery
 k - a ring of magical power (left hand)
 l - an uncursed ring of flight
 w - an uncursed ring of poison resistance
 y - a +4 ring of evasion (right hand)
 A - a +6 ring of dexterity
 B - an uncursed ring of positive energy
 P - an amulet of magic regeneration (around neck)
 S - an uncursed ring of protection from cold
Wands
 h - a wand of digging (10)
 i - a wand of random effects (24)
 v - a wand of flame (23)
 z - a wand of polymorph (37)
 G - a wand of acid (13)
 J - a wand of disintegration (15)
 K - a wand of enslavement (5)
Scrolls
 e - 2 scrolls of immolation
 f - 11 scrolls of identify
 n - 2 scrolls of fog
 u - a scroll of enchant weapon
 C - 2 scrolls of amnesia
 D - 8 scrolls of teleportation
 N - 2 scrolls of magic mapping
 R - 2 scrolls of remove curse
Potions
 b - 4 potions of haste
 g - 2 potions of invisibility
 m - a potion of berserk rage {unknown}
 o - a potion of might {unknown}
 p - a potion of mutation
 q - 5 potions of brilliance
 r - 6 potions of curing
 s - 5 potions of flight
 F - a potion of ambrosia


   Skills:
 - Level 1.5 Fighting
   Level 0.4 Maces & Flails
 - Level 2.2 Dodging
 - Level 3.1 Stealth
 + Level 11.8 Shields
 - Level 11.7 Spellcasting
 - Level 13.0 Conjurations
 - Level 10.1 Summonings
 - Level 9.2 Fire Magic
 - Level 6.7 Earth Magic
 - Level 5.0 Evocations


You had 3 spell levels left.
You knew the following spells:

 Your Spells              Type           Power        Failure   Level
a - Magic Dart            Conj           ####         1%          1
b - Searing Ray           Conj           ######       1%          2
c - Bolt of Magma         Conj/Fire/Erth ######....   1%          5
d - Iskenderun's Battles  Conj           #######.     1%          5
e - Foxfire               Conj/Fire      ####         1%          1
f - Orb of Destruction    Conj           #######...   7%          7
g - Lee's Rapid Deconstr  Erth           ######....   3%          5
h - Spellforged Servitor  Conj/Summ      ######....   12%         7

Your spell library contained the following spells:

 Spells                   Type           Power        Failure   Level
 Yara's Violent Unravell  Hex/Tmut       ###.......   36%         5
 Dazzling Flash           Conj/Hex       ######       1%          3
 Beastly Appendage        Tmut           ###...       7%          1
 Wereblood                Tmut           ###.....     11%         2
 Gell's Gravitas          Tloc           ###.......   19%         3
 Portal Projectile        Hex/Tloc       ###...       19%         3
 Spider Form              Tmut/Pois      ###.......   19%         3
 Fulminant Prism          Conj/Hex       ######....   1%          4
 Iskenderun's Mystic Bla  Conj/Tloc      ######..     1%          4
 Iron Shot                Conj/Erth      ######....   4%          6
 Ice Form                 Ice/Tmut       ###.....     50%         4
 Blade Hands              Tmut           ###.......   83%         5
 Dispersal                Tloc           ###.......   100%        6
 Disjunction              Tloc           ###.......   100%        8


Dungeon Overview and Level Annotations

Branches:
Dungeon (11/15)            Temple (1/1) D:7            Lair (6/6) D:10
  Swamp (0/4) Lair:2       Spider (0/4) Lair:3        Slime (1/5) Lair:6
    Orc: D:9-12

Altars:
Ashenzari
Elyvilon
Fedhas
Gozag
Hepliaklqana
Kikubaaqudgha
Makhleb
Okawaru
Ru
Sif Muna
Trog
Uskayaw
Vehumet
Wu Jian
Xom
Zin
The Shining One
Jiyva

Shops:
D:5 **:   D:8 (

Portals:
Trove: D:11 (give +4 storm dragon scales)

Annotations:
D:4 exclusion: oklob plant
Lair:2 3 runed translucent doors, kazak's ghost, journeyman PaBe


Innate Abilities, Weirdness & Mutations

You can breathe blasts of fire.
Your fiery red scales are hard. (AC +8)
You cannot fit into any form of body armour.
Your flesh is heat resistant. (rF+)
You are cold-blooded and may be slowed by cold attacks.
You possess an exceptional clarity of mind.
Your spells are a little harder to cast, but a little more powerful.


Message History

The searing ray hits the azure jelly.
The azure jelly is almost dead. (Press . to maintain the ray.)
Your battlesphere fires!
The barrage of energy hits the slime creature!!
The slime creature is heavily wounded.
The wall burns your battlesphere!
The slime creature hits your battlesphere!
The walls burn your spellforged servitor!
Your spellforged servitor conjures an orb of pure magic.
The azure jelly hits you. The azure jelly freezes you!!!
You feel yourself slow down. The azure jelly barely misses you.
The azure jelly hits you! The azure jelly completely misses you.
The wall burns your battlesphere!
The slime creature hits your battlesphere!!
Your battlesphere is destroyed!
A slime creature comes into view. x2
The azure jelly hits you! The azure jelly freezes you!!!
You feel as though you will be slow longer.
You die...

..###..J....
........#..#
...........#
...........
J ........
...#...○8#
......*°.#
.J....J@.#
......JJ.#
......J.##
........#
........#
.........
.........
.........


You could see an azure jelly, 6 slime creatures and a friendly spellforged
servitor (summoned).

Vanquished Creatures
  Rupert (Lair:6)
  Gastronok (Lair:2)
  Snorg (Lair:5)
  Erolcha (D:10)
  A boulder beetle (Lair:6)
  8 hydras
  2 catoblepae
  A two-headed ogre (D:10)
  3 death yaks
  An unseen horror (D:11)
  Pikel (D:5)
  A manticore (Lair:4)
  3 oklob plants
  2 elephants (Lair:6)
  32 cane toads
  3 black mambas
  2 torpor snails
  6 rime drakes
  9 komodo dragons
  A jumping spider (Lair:3)
  2 trolls
  4 tyrant leeches
  A hornet (D:10)
  2 polar bears
  Prince Ribbit (D:7)
  28 blink frogs
  5 dream sheep (Lair:5)
  Sigmund (D:5)
  A redback (Lair:3)
  52 yaks
  2 vampires (D:10)
  9 wyverns
  4 basilisks
  5 humans (D:9)
  6 vampire mosquitoes
  Menkaure (D:5)
  Edmund (D:6)
  2 wargs (D:10)
  10 water moccasins
  5 orc warriors
  A sky beast (D:11)
  An ice beast (D:5)
  A black bear (D:11)
  A phantom (D:7)
  23 wolves
  3 ogres
  2 centaurs
  2 lemures (D:5)
  5 big kobolds
  Blork the orc (D:5)
  21 bullfrogs
  2 scorpions
  5 wights (D:6)
  5 killer bees (D:11)
  2 electric eels
  2 howler monkeys
  A bullfrog zombie (D:11)
  A centaur zombie (D:10)
  7 hounds
  A quasit (D:11)
  4 centaur skeletons
  7 orc priests
  4 jellies
  13 orc wizards
  18 hell rats
  7 worker ants
  A killer bee zombie (D:6)
  3 hound skeletons
  7 gnolls
  11 adders
  A shadow imp (D:5)
  3 white imps
  An ufetubus (D:5)
  An ooze (D:3)
  An adder zombie (D:6)
  2 adder skeletons
  3 worms
  2 dart slugs
  A leopard gecko (D:7)
  35 orcs
  3 ball pythons
  11 bats
  A giant cockroach (D:2)
  35 goblins
  31 hobgoblins
  15 jackals
  4 quokkas
  2 frilled lizards
  30 kobolds
  A leopard gecko zombie (D:9)
  A quokka zombie (D:6)
  9 rats
577 creatures vanquished.

Vanquished Creatures (collateral kills)
  3 death yaks (Lair:6)
  2 elephants (Lair:6)
  A cane toad (Lair:6)
  4 yaks (Lair:6)
10 creatures vanquished.

Vanquished Creatures (others)
  16 foxfires
  28 fungi
  99 plants
143 creatures vanquished.

Grand Total: 730 creatures vanquished

Notes
Turn   | Place    | Note
-------+----------+-------------------------------------------
     0 | D:1      | jestyr24 the Draconian Conjurer began the quest for the
                  | Orb.
     0 | D:1      | Reached XP level 1. HP: 14/14 MP: 3/3
   296 | D:1      | Reached XP level 2. HP: 17/22 MP: 1/5
   899 | D:1      | Learned a level 2 spell: Searing Ray
  1145 | D:1      | Reached XP level 3. HP: 27/27 MP: 4/6
  1880 | D:2      | Noticed a scorpion
  1884 | D:2      | Killed a scorpion
  1884 | D:2      | Reached skill level 5 in Conjurations
  1884 | D:2      | Reached XP level 4. HP: 34/34 MP: 7/7
  2145 | D:2      | Reached skill level 1 in Shields
  2244 | D:2      | Reached skill level 1 in Fighting
  2303 | D:2      | Reached XP level 5. HP: 40/40 MP: 9/9
  3617 | D:3      | Reached XP level 6. HP: 47/47 MP: 10/10
  3865 | D:3      | Reached skill level 6 in Conjurations
  4132 | D:5      | Entered Level 5 of the Dungeon
  4182 | D:4      | Your scales start taking on a fiery red colour.
  4182 | D:4      | Reached XP level 7. HP: 50/52 MP: 10/12
  4182 | D:4      | Gained mutation: Your flesh is heat resistant. (rF+) [Red
                  | Draconian growth]
  4295 | D:4      | Found a hazy altar of Hepliaklqana.
  4694 | D:4      | Found a blossoming altar of Fedhas.
  4705 | D:4      | Noticed an oklob plant
  5217 | D:5      | Noticed Pikel
  5228 | D:5      | Killed Pikel
  5228 | D:5      | Reached skill level 5 in Spellcasting
  5228 | D:5      | Reached skill level 7 in Conjurations
  5228 | D:5      | Reached XP level 8. HP: 50/59 MP: 9/15
  5466 | D:5      | Found Wips's General Store.
  5467 | D:5      | Noticed Menkaure
  5471 | D:5      | Killed Menkaure
  5475 | D:5      | Found a glowing silver altar of Zin.
  5475 | D:5      | Found a white marble altar of Elyvilon.
  5565 | D:5      | Found Xorij's Assorted Antiques.
  5587 | D:5      | Found a white marble altar of Elyvilon.
  5815 | D:5      | Found Zofayfayqi's Book Boutique.
  5818 | D:5      | Noticed Blork the orc
  5824 | D:5      | Killed Blork the orc
  6105 | D:5      | Noticed Sigmund
  6112 | D:5      | Killed Sigmund
  6112 | D:5      | Reached skill level 8 in Conjurations
  6270 | D:6      | Found a bloodstained altar of Trog.
  6473 | D:6      | Found a shimmering altar of Xom.
  6604 | D:6      | Noticed Edmund
  6610 | D:6      | Killed Edmund
  6849 | D:6      | Reached XP level 9. HP: 64/64 MP: 18/18
  7536 | D:7      | Reached skill level 5 in Shields
  7763 | D:7      | Found a staircase to the Ecumenical Temple.
  7779 | D:7      | Noticed Prince Ribbit
  7781 | D:7      | Reached skill level 9 in Conjurations
  7791 | Temple   | Entered the Ecumenical Temple
  7966 | Temple   | Became a worshipper of Vehumet
  7993 | D:7      | Killed Prince Ribbit
  8267 | D:7      | Found a hide-covered altar of Uskayaw.
  8968 | D:8      | Reached * piety under Vehumet
  8968 | D:8      | Offered knowledge of Foxfire by Vehumet.
  8971 | D:8      | Learned a level 1 spell: Foxfire
  8975 | D:8      | Found Koxer's Antique Weapon Shoppe.
  9081 | D:5      | Bought a book of Power for 495 gold pieces
  9087 | D:5      | Learned a level 5 spell: Iskenderun's Battlesphere
  9093 | D:5      | Learned a level 5 spell: Bolt of Magma
  9309 | D:8      | Found an ancient bone altar of Kikubaaqudgha.
  9584 | D:9      | Reached skill level 1 in Fire Magic
  9584 | D:9      | Reached XP level 10. HP: 70/72 MP: 16/22
  9585 | D:9      | Reached skill level 1 in Earth Magic
  9590 | D:9      | Reached skill level 10 in Conjurations
  9956 | D:9      | Reached ** piety under Vehumet
  9956 | D:9      | Offered knowledge of Shock by Vehumet.
 10039 | D:9      | Found a broken altar of Ashenzari.
 10129 | D:9      | Found a runed translucent door.
 10136 | D:9      | Found a runed translucent door.
 10137 | D:9      | Found a runed translucent door.
 10142 | D:9      | Found a runed translucent door.
 10423 | D:9      | Found a runed translucent door.
 10423 | D:9      | Found a runed translucent door.
 10515 | D:9      | Found a runed translucent door.
 10517 | D:9      | Found a large runed translucent door.
 10518 | D:9      | Found a large runed translucent door.
 10548 | D:9      | Offered knowledge of Ignite Poison by Vehumet.
 10663 | D:9      | Gained mutation: Your spells are a little harder to cast,
                  | but a little more powerful. [potion of mutation]
 10663 | D:9      | Gained mutation: You possess an exceptional clarity of
                  | mind. [potion of mutation]
 10875 | D:10     | Entered Level 10 of the Dungeon
 11032 | D:10     | Found a glowing golden altar of the Shining One.
 11047 | D:10     | Reached *** piety under Vehumet
 11052 | D:10     | Reached skill level 11 in Conjurations
 11052 | D:10     | Reached XP level 11. HP: 78/78 MP: 24/24
 11339 | D:10     | Offered knowledge of Conjure Flame by Vehumet.
 11383 | D:10     | Reached skill level 10 in Spellcasting
 11446 | D:10     | Upgraded the game from 0.26-a0-667-g92642533e4 to
                  | 0.26-a0-668-gd58323b419
 11470 | D:10     | Noticed Erolcha
 11474 | D:10     | Killed Erolcha
 11474 | D:10     | Reached skill level 5 in Fire Magic
 11504 | D:10     | Noticed a two-headed ogre
 11507 | D:10     | Killed a two-headed ogre
 11533 | D:10     | Found a staircase to the Lair.
 11724 | D:11     | Reached skill level 1 in Evocations
 11729 | D:11     | Found a portal to a secret trove of treasure.
 11882 | D:11     | Reached **** piety under Vehumet
 11989 | D:11     | Killed an unseen horror
 12128 | D:10     | Upgraded the game from 0.26-a0-668-gd58323b419 to
                  | 0.26-a0-672-g1df16c3386
 12271 | D:11     | Offered knowledge of Sticky Flame by Vehumet.
 12680 | Lair:1   | Entered Level 1 of the Lair of Beasts
 12710 | Lair:1   | Noticed a seven-headed hydra
 12720 | Lair:1   | Killed a seven-headed hydra
 12949 | Lair:1   | Reached XP level 12. HP: 84/84 MP: 24/26
 13077 | Lair:1   | Reached skill level 5 in Earth Magic
 13110 | Lair:1   | Reached skill level 12 in Conjurations
 13871 | Lair:2   | Noticed a five-headed hydra
 13881 | Lair:2   | Killed a five-headed hydra
 14204 | Lair:2   | Noticed Gastronok
 14223 | Lair:2   | Killed Gastronok
 14397 | Lair:2   | Found a runed translucent gate.
 14397 | Lair:2   | Found a runed translucent gate.
 14398 | Lair:2   | Found a runed translucent gate.
 14398 | Lair:2   | Noticed kazak's ghost (journeyman PaBe)
 14398 | Lair:2   | Noticed a 12-headed hydra
 14418 | Lair:2   | Found a staircase to the Swamp.
 14419 | Lair:2   | Got a brightly glowing cloak
 14420 | Lair:2   | Identified the +1 cloak "Mexush" {Dex+2} (You found it on
                  | level 2 of the Lair of Beasts)
 14603 | Lair:2   | Noticed a catoblepas
 14621 | Lair:2   | Killed a catoblepas
 15890 | Lair:3   | Noticed a death yak
 15903 | Lair:3   | Killed a death yak
 15997 | Lair:3   | Found a hole to the Spider Nest.
 16098 | Lair:3   | Got a fading short sword
 16099 | Lair:3   | Identified the cursed +3 short sword of Ferim {freeze,
                  | Int+2} (You found it on level 3 of the Lair of Beasts)
 16928 | Lair:4   | Reached ***** piety under Vehumet
 16929 | Lair:4   | Offered knowledge of Lee's Rapid Deconstruction by Vehumet.
 16929 | Lair:4   | Reached XP level 13. HP: 90/90 MP: 17/28
 16955 | Lair:3   | Learned a level 7 spell: Orb of Destruction
 17453 | Lair:4   | Reached skill level 13 in Conjurations
 17531 | Lair:4   | Learned a level 5 spell: Lee's Rapid Deconstruction
 17850 | Lair:4   | Reached skill level 5 in Evocations
 18085 | Lair:4   | Learned a level 7 spell: Spellforged Servitor
 18219 | Lair:5   | Reached skill level 1 in Summonings
 18503 | Lair:5   | Noticed Snorg
 18508 | Lair:5   | Killed Snorg
 19238 | Lair:6   | Entered Level 6 of the Lair of Beasts
 19306 | Lair:6   | Reached skill level 5 in Summonings
 19311 | Lair:6   | Reached skill level 10 in Shields
 19573 | Lair:6   | Reached XP level 14. HP: 96/96 MP: 10/29
 20973 | Lair:6   | Offered knowledge of Yara's Violent Unravelling by Vehumet.
 21324 | Lair:6   | Identified the +5 war axe of the Pits of Slime {antimagic,
                  | rF+ rC+ Dex-5 SInv}
 21324 | Lair:6   | Noticed Rupert
 21330 | Lair:6   | Killed Rupert
 21779 | Lair:6   | Found a staircase to the Slime Pits.
 21779 | Lair:6   | Found a viscous altar of Jiyva.
 21787 | Lair:6   | Reached skill level 10 in Summonings
 22171 | Slime:1  | Entered Level 1 of the Pits of Slime
 22171 | Slime:1  | Noticed an azure jelly
 22178 | Slime:1  | Mangled by an azure jelly

Illustrated notes

Levels and vault maps discovered:
D:1:      sevenhm_arrival_forest_fort_large_4, layout_loops_corners,
          minmay_ruptured
D:2:      layout_loops_ring
D:3:      minmay_goblin_kobold_castle, layout_loops_ring
D:4:      layout_loops_ring, tgw_fedhas, marbit_many_paths
D:5:      layout_basic, chequers_temple_overflow_statue_of_worship,
          serial_shops, shop, shop, shop, elyvilon_altar_1, uniq_pikel,
          uniq_sigmund, uniq_blork_the_orc, uniq_menkaure
D:6:      layout_basic, lemuel_round_altar, old_standard_altar,
          chequers_serial_rivers_room_b, chequers_serial_rivers_micro_e,
          uniq_edmund
D:7:      layout_basic, lemuel_coloured_pillars_altar, minmay_temple_entry_tees,
          lemuel_flamethrower_1, uniq_prince_ribbit1
D:8:      layout_gridville, lemuel_crystal_altar, serial_shops, shop
D:9:      erik_cavepeople, layout_gridville, basic_altar,
          eino_small_chamber_without_monster, minmay_misc_feat_tiny,
          corexii_corridor_pit
D:10:     layout_gridville, erik_lair_orcish_takeover, basic_altar, uniq_erolcha
D:11:     layout_loops_ring, enter_trove_2, evilmike_butchery
Temple:   dpeg_chambers_temple
Lair:1:   layout_cave_pods, st_stairs_12, grunt_megastairs_3
Lair:2:   dpeg_oklob_gauntlet, layout_gridlike, swamp_mist_pool,
          gammafunk_ghost_hydra_chop, uniq_gastronok
Lair:3:   layout_chaotic_city, spider_nest_entry_funnel_web, st_stairs_5,
          infiniplex_staircase_pool
Lair:4:   layout_roguey [special_room_mythical_zoo], minmay_lair_oklob_bushes,
          hangedman_lair_unloving_vines
Lair:5:   layout_roguey, serial_bayou_shore_a, grunt_megastairs_5,
          serial_bayou_shore_b, uniq_snorg
Lair:6:   minmay_lair_end_frog_pond, layout_hall_layers, slime_altar_1,
          grunt_forest_stairs_basic, uniq_rupert
Slime:1:  layout_caves, basic_altar

Skill      XL: |  1  2  3  4  5  6  7  8  9 10 11 12 13 14 |
---------------+-------------------------------------------+-----
Stealth        | 2 3 |  3.1
Dodging        | 2 |  2.2
Conjurations   | 5 6 7 8 9 11 12 13 | 13.0
Shields        | 1 2 3 4 6 7 8 10 11 | 11.8
Fighting       | 1 |  1.5
Spellcasting   | 3 5 6 8 9 10 11 | 11.7
Fire Magic     | 1 4 6 8 9 |  9.2
Earth Magic    | 3 4 6 |  6.7
Evocations     | 2 4 5 |  5.0
Summonings     | 6 10 | 10.1
Maces & Flails | |  0.4

Action                   |  1- 3 |  4- 6 |  7- 9 | 10-12 | 13-15 || total
-------------------------+-------+-------+-------+-------+-------++-------
Melee: Club              |    26 |       |       |       |       ||    26
       Tailslap          |     2 |     2 |     1 |     2 |     1 ||     8
       Dagger            |     2 |       |       |       |       ||     2
       Short sword       |     1 |       |       |    23 |    10 ||    34
       Long sword        |       |    28 |     7 |       |       ||    35
       Rapier            |       |       |     2 |       |       ||     2
       Spear             |       |       |     2 |       |       ||     2
       War axe           |       |       |       |       |     7 ||     7
 Cast: Magic Dart        |    58 |    98 |    93 |   148 |   122 ||   519
       Searing Ray       |     4 |    27 |    72 |   101 |     9 ||   213
       Iskenderun's Batt |       |       |     3 |    57 |    38 ||    98
       Foxfire           |       |       |     2 |     6 |       ||     8
       Bolt of Magma     |       |       |       |    37 |   193 ||   230
       Orb of Destructio |       |       |       |       |    25 ||    25
       Spellforged Servi |       |       |       |       |     4 ||     4
 Abil: Breathe Fire      |       |       |       |     3 |     3 ||     6
Evoke: Wand              |       |       |       |     2 |       ||     2
  Use: Scroll            |       |     6 |     3 |    19 |     1 ||    29
       Potion            |       |       |       |    12 |     2 ||    14
 Stab: Sleeping          |     2 |       |       |       |       ||     2
Armor: Skin              |    16 |    20 |    16 |    43 |    30 ||   125
Dodge: Dodged            |    34 |    41 |    54 |    95 |    95 ||   319
       Repelled          |       |     1 |     1 |     6 |     1 ||     9
Block: Buckler           |     1 |    12 |     6 |    26 |    23 ||    68
       Kite shield       |       |       |       |       |     8 ||     8
       Rpst.: Long sword |       |     8 |     6 |       |       ||    14

Table legend: (Time is in decaauts)
 A = Elapsed time spent in this place.
 B = Non-inter-level travel time spent in this place.
 C = Inter-level travel time spent in this place.
 D = Time resting spent in this place.
 E = Time spent auto-exploring this place.
 F = Levels seen in this place.
 G = Mean time per level.
                   A        B        C        D        E       F      G
               +--------+--------+--------+--------+--------+-----+--------+
         Total |  22318 |  21007 |   1311 |   6454 |   5392 |  19 | 1174.6 |
       Dungeon |  12530 |  11438 |   1092 |   2612 |   3739 |  11 | 1139.1 |
        Temple |    196 |    196 |      0 |     98 |     73 |   1 |  196.0 |
          Lair |   9584 |   9365 |    219 |   3744 |   1579 |   6 | 1597.3 |
    Slime Pits |      6 |      6 |      0 |      0 |      0 |   1 |    6.0 |
               +--------+--------+--------+--------+--------+-----+--------+

Top non-repeatable levels by time:
  Lair:5: 2712 daAuts
  Lair:2: 1745 daAuts
     D:6: 1600 daAuts
     D:3: 1465 daAuts
     D:1: 1386 daAuts
  Lair:6: 1383 daAuts
  Lair:3: 1372 daAuts
     D:9: 1338 daAuts
     D:5: 1284 daAuts
     D:2: 1226 daAuts
  Lair:4: 1195 daAuts
  Lair:1: 1174 daAuts
     D:4: 939 daAuts
    D:11: 934 daAuts
     D:7: 891 daAuts
